 Dungeon Crawl Stone Soup version 0.20-a0-1033-g05abe66 (webtiles) character file.

127 Deemzul the Skirmisher (level 4, -1/35 HPs)
             Began as a Mummy Fighter on Apr 21, 2017.
             Slain by Sigmund
             ... wielding a +2 scythe of slicing
              (6 damage)
             ... on level 3 of the Dungeon.
             The game lasted 00:02:28 (2102 turns).

Deemzul the Skirmisher (Mummy Fighter)              Turns: 2102, Time: 00:02:29

Health: -1/35      AC:  6    Str: 19    XL:     4   Next: 85%
Magic:  4/4        EV:  7    Int:  7    God:
Gold:   105        SH:  0    Dex: 12    Spells: 3/3 levels left

rFire    x . .     SeeInvis .   g - +2 dagger (venom)
rCold    + . .     Gourm    .   c - +0 shield
rNeg     + + +     Faith    .   b - +0 scale mail
rPois    ∞         Spirit   .   (no helmet)
rElec    .         Reflect  .   (no cloak)
rCorr    .         Harm     .   (no gloves)
MR       .....                  (no boots)
Stlth    ..........             (no amulet)
Regen    0.2/turn               f - ring of wizardry
MPRegen  0.1/turn               (no ring)

@: confused
A: no food or potions, fire vulnerability, cold resistance 1, negative energy
resistance 3, torment resistance, unbreathing
a: no special abilities


You were on level 3 of the Dungeon.
You were not hungry.

You visited 1 branch of the dungeon, and saw 3 of its levels.

You collected 105 gold pieces.

Inventory:

Hand Weapons
 a - a +0 long sword
 g - a +2 dagger of venom (weapon)
 k - a +2 short sword of draining
Missiles
 l - 4 curare-tipped needles
Armour
 b - a +0 scale mail (worn)
 c - a +0 shield (worn)
Jewellery
 f - a ring of wizardry (left hand)
Scrolls
 d - 3 scrolls of identify {unknown}
 e - 3 scrolls of teleportation {unknown}
 h - a scroll of recharging {unknown}
 i - a scroll of fog {unknown}
 j - a scroll of enchant weapon {unknown}


   Skills:
 + Level 3.5 Fighting
 + Level 1.0(2.1) Short Blades
 * Level 2.9(3.0) Long Blades
 + Level 3.2 Armour
 - Level 2.4 Shields


You had 3 spell levels left.
You didn't know any spells.

Dungeon Overview and Level Annotations

Branches:
Dungeon (3/15)

Altars:
Vehumet

Annotations:
D:3 Sigmund


Innate Abilities, Weirdness & Mutations

You do not eat or drink.
Your flesh is vulnerable to fire.
You are immune to poison.
Your flesh is cold resistant. (rC+)
You are immune to negative energy. (rN+++)
You are immune to unholy pain and torment.
You can survive without breathing.


Message History

You closely miss Sigmund.
Sigmund is moderately wounded.
Sigmund gestures wildly while chanting.
Sigmund flickers and vanishes!
Deactivating autopickup; reactivate with Ctrl-A.
You closely miss something. Something hits you but does no damage.
You barely miss something. Something hits you!
You closely miss something.
You bump into the rock wall.
You hear some strange, mumbled words.
You are more confused.
You miss something. Something hits you. Something hits you!
* * * LOW HITPOINT WARNING * * *
x2 Something hits you.
* * * LOW HITPOINT WARNING * * *
x2
Things that are here:
a club; a dagger Something hits you.
You die...

# #######(.....#####
+####.........))........
.....#######.#.##.#####
...........#.#....#....
........##.#.#.#..#.###
.)...........#.#.......
###.##.#..###.#..#.###
##
######.#..#..###.#..#.#
..
........@.........>.#.#
##
...#.#.#)###..####..#.#
.. #.#..<#).####..#.# ##
#.##.÷.(.#....<#.#
#.#..(.......###.#
#.#....###.#.#...#
#.#....# #.#.#†###
#.#....# #.#.#.# #....#
#.#.#.#


There were no monsters in sight!

Vanquished Creatures
  An orc wizard (D:3)
  3 adders
  A worm (D:2)
  A dart slug (D:2)
  3 leopard geckos (D:2)
  5 orcs
  2 ball pythons (D:2)
  3 bats
  3 giant cockroaches
  6 goblins
  5 hobgoblins
  4 jackals
  3 quokkas
  2 frilled lizards (D:2)
  5 kobolds
  8 rats
55 creatures vanquished.

Vanquished Creatures (others)
  A bat (D:2)
1 creature vanquished.

Grand Total: 56 creatures vanquished

Notes
Turn   | Place    | Note
-------+----------+-------------------------------------------
     0 | D:1      | Deemzul the Mummy Fighter began the quest for the Orb.
     0 | D:1      | Reached XP level 1. HP: 18/18 MP: 1/1
   202 | D:1      | Reached XP level 2. HP: 24/24 MP: 2/2
   804 | D:2      | Reached XP level 3. HP: 23/29 MP: 3/3
  1228 | D:2      | Found a radiant altar of Vehumet.
  1602 | D:3      | Reached XP level 4. HP: 25/35 MP: 4/4
  1804 | D:3      | Noticed Sigmund
  1985 | D:3      | Reached skill level 1 in Short Blades
  2102 | D:3      | Slain by Sigmund

Vault maps used:
D:1:      grunt_arrival_crossed_arrows
D:2:      fiery_altar_vehumet
D:3:      uniq_sigmund, uniq_terence, uniq_natasha

Skill      XL: |  1  2  3  4 |
---------------+-------------+-----
Long Blades    | 2 |  2.9
Armour         | 3 |  3.2
Short Blades   | 1 |  1.0
Fighting       | |  3.5
Shields        | |  2.4

Action                   |  1- 3 |  4- 6 || total
-------------------------+-------+-------++-------
Melee: Long sword        |    93 |       ||    93
       Dagger            |    55 |    49 ||   104
Armor: Scale mail        |    61 |    15 ||    76
Dodge: Dodged            |    48 |    18 ||    66
Block: Shield            |    53 |    25 ||    78
       Rpst.: Long sword |    15 |       ||    15
